 Dungeon Crawl Stone Soup version 0.30.0-18-gc0e69614cb (webtiles) character file.

Game seed: 16870697786210576717

35634 Chodeload the Destroyer (level 13, -15/72 HPs)
             Began as a Deep Elf Wanderer on May 24, 2023.
             Was a High Priest of Vehumet.
             Killed from afar by a deep elf pyromancer (25 damage)
             ... with a bolt of fire
             ... in a volcano.
             The game lasted 01:09:08 (15094 turns).

Chodeload the Destroyer (Deep Elf Wanderer)        Turns: 15094, Time: 01:09:09

Health: -15/72     AC: 14    Str: 11    XL:     13   Next: 48%
Magic:  13/30      EV: 15    Int: 21    God:    Vehumet [*****.]
Gold:   845        SH:  5    Dex: 14    Spells: 9/34 levels left

rFire   . . .        a - +2 whip (freeze)
rCold   + . .        c - +0 buckler
rNeg    . . .        T - +0 troll leather armour
rPois   .            f - +0 helmet
rElec   .            Y - scarf {+Inv}
rCorr   .            (no gloves)
SInv    .            (no boots)
Will    +....        Q - amulet of the acrobat
Stlth   +++          p - +4 ring of protection
HPRegen 1.12/turn    z - ring of protection from cold
MPRegen 0.22/turn

%: acrobat
@: ice-armoured, freezing walls
A: no striking features
a: Renounce Religion, Evoke Invisibility


You were in a volcano.
You worshipped Vehumet.
Vehumet was extremely pleased with you.
You visited 3 branches of the dungeon, and saw 16 of its levels.
You also visited: Sewer, Bailey and Volcano.

You collected 845 gold pieces.

Inventory:

Hand Weapons
 a - a +2 whip of freezing (weapon)
Missiles
 g - 20 poisoned darts
 o - 3 curare-tipped darts (quivered)
 y - a throwing net
Armour
 c - a +0 buckler (worn)
 f - a +0 helmet (worn)
 T - a +0 troll leather armour (worn)
 Y - a scarf of invisibility (worn)
Jewellery
 i - a ring of positive energy
 j - a ring of see invisible
 p - a +4 ring of protection (left hand)
 q - a ring of ice
 z - a ring of protection from cold (right hand)
 B - a +6 ring of strength
 Q - an amulet of the acrobat (around neck)
Wands
 t - a wand of light (8)
 x - a wand of charming (12)
 A - a wand of mindburst (7)
 D - a wand of iceblast (13)
 F - a wand of polymorph (7)
Scrolls
 k - 5 scrolls of teleportation
 n - a scroll of blinking
 r - 3 scrolls of fog
 C - 2 scrolls of amnesia
 G - 3 scrolls of poison {unknown}
 I - a scroll of torment {unknown}
 N - a scroll of butterflies {unknown}
 S - 3 scrolls of vulnerability {unknown}
 X - a scroll of fear {unknown}
Potions
 d - 10 potions of curing
 h - 9 potions of haste
 m - 3 potions of mutation
 s - a potion of berserk rage
 u - 2 potions of resistance {unknown}
 w - 3 potions of might {unknown}
 J - a potion of heal wounds
 K - 3 potions of brilliance
 L - 2 potions of attraction {unknown}
 M - 2 potions of invisibility {unknown}
 O - a potion of cancellation {unknown}
 R - a potion of flight {unknown}
 V - a potion of lignification {unknown}
 Z - a potion of magic {unknown}
Miscellaneous
 e - a condenser vane
 U - a phial of floods
 W - a box of beasts


   Skills:
 - Level 5.0 Fighting
 - Level 10.0 Dodging
 - Level 5.0 Stealth
 - Level 5.0 Shields
 - Level 1.5 Unarmed Combat
 - Level 11.1 Spellcasting
 + Level 14.7 Conjurations
 - Level 9.0 Hexes
 + Level 10.1 Fire Magic
 - Level 6.0 Ice Magic


You had 9 spell levels left.
You knew the following spells:

 Your Spells              Type           Power      Damage    Failure   Level
a - Foxfire               Conj/Fire      100%       2x1d9     1%          1
b - Freeze                Ice            100%       1d10      1%          1
c - Frozen Ramparts       Ice            72%        1d11      1%          3
d - Hailstorm             Conj/Ice       53%        3d12      1%          3
e - Searing Ray           Conj           100%       2d8       1%          2
f - Fulminant Prism       Conj/Hex       28%        3d14      1%          4
g - Mephitic Cloud        Conj/Pois/Air  32%        N/A       1%          3
h - Ozocubu's Armour      Ice            36%        N/A       2%          3
i - Fireball              Conj/Fire      29%        3d13      1%          5

Your spell library contained the following spells:

 Spells                   Type           Power      Damage    Failure   Level
 Flame Wave               Conj/Fire      59%        2d14      1%          4
 Magic Dart               Conj           100%       1d8       1%          1
 Cause Fear               Hex            24%        N/A       2%          4
 Beastly Appendage        Tmut           22%        N/A       11%         1
 Metabolic Englaciation   Hex/Ice        21%        N/A       14%         5
 Wereblood                Tmut           11%        N/A       16%         2
 Anguish                  Hex/Necr       15%        N/A       17%         4
 Summon Ice Beast         Ice/Summ       24%        N/A       30%         4
 Spider Form              Tmut/Pois      11%        N/A       32%         3
 Summon Mana Viper        Hex/Summ       30%        N/A       43%         5
 Enfeeble                 Hex            24%        N/A       92%         7
 Simulacrum               Ice/Necr       12%        N/A       99%         6
 Monstrous Menagerie      Summ           5%         N/A       100%        7


Dungeon Overview and Level Annotations

Branches:
Dungeon (12/15)            Temple (1/1) D:6            Lair (3/5) D:10
  Snake (0/4) Lair:2          Orc (0/2) D:9           Sewer (visited)
 Bailey (visited)         Volcano (1/1)
  Swamp: Lair:2-3    Shoals: Lair:2-3

Altars:
Ashenzari
Cheibriados
Dithmenos
Elyvilon
Fedhas
Gozag
Hepliaklqana
Makhleb
Nemelex Xobeh
Okawaru
Ru
Trog
Uskayaw
Vehumet
Wu Jian
Xom
Yredelemnul

Shops:
D:2 :

Annotations:
D:2 exclusion: downstairs
D:6 exclusions: door and downstairs
D:7 3 runed translucent doors, exclusion: 3 doors, Kazon's ghost, novice DrMo
D:9 exclusions: downstairs and 2 wights
D:10 exclusion: downstairs
Lair:2 exclusion: downstairs


Message History

Aim: a deep elf pyromancer, wielding a +0 long sword and wearing a +0 chain mail (almost dead)
You freeze the deep elf pyromancer!
You kill the deep elf pyromancer!
Vehumet accepts your kill.
You are covered in liquid flames!
The frozen ramparts melt away.
The fire elemental hits you. The fire elemental burns you!
* * * LOW HITPOINT WARNING * * *
The fire elemental hits you. The fire elemental burns you!
* * * LOW HITPOINT WARNING * * *
You block the deep elf pyromancer's attack.
Blink to where?
Press: ? - help, Dir - move target
As you read the scroll of blinking, it crumbles to dust.
You are covered in liquid flames!
* * * LOW HITPOINT WARNING * * *
You are no longer on fire.
You feel much better. The fire elemental hits you.
The fire elemental burns you!
* * * LOW HITPOINT WARNING * * *
Casting: Freeze (safe; 1% risk of failure)
Confirm with . or Enter, or press ? or * to list all spells.
Casting: Frozen Ramparts (safe; 1% risk of failure)
Press: ? - help, Dir - look around, f - activate The walls around you are covered in ice.
The fire elemental is frozen!
The wall freezes the fire elemental.
The fire elemental is frozen!
The wall freezes the fire elemental.
The fire elemental hits you. The fire elemental burns you!
* * * LOW HITPOINT WARNING * * *
Casting: Frozen Ramparts (safe; 1% risk of failure)
Confirm with . or Enter, or press ? or * to list all spells.
A film of ice covers your body!
The fire elemental is frozen!
The wall freezes the fire elemental.
The fire elemental is frozen!
The wall freezes the fire elemental.
The fire elemental misses you.
The fire elemental is frozen!
The wall freezes the fire elemental!
The fire elemental closely misses you.
The deep elf pyromancer casts a spell at you.
The bolt of fire hits the fire elemental.
The fire elemental completely resists.
The bolt of fire hits you!!
You die...

#. ##.....###≈≈≈ #e
+#.#.§≈. #.###
###...#h.. #..∩#
#.....+..####..∩#
#.... ####..'.###
#...###....†###§§§
#)###.....###≈≈§≈##
#.e○#†..###§≈§≈###
#°§EE@###≈≈≈≈###
#...###≈≈≈≈###
#.###≈≈≈§###
###§≈§≈### #§§§≈###
≈§≈### ###


You could see a deep elf pyromancer and 2 fire elementals.

Vanquished Creatures
  2 boulder beetles
  5 two-headed ogres
  Nergalle (Lair:1)
  A skyshark (Lair:3)
  4 orc knights (Bailey)
  A deep elf pyromancer (Volcano)
  Pikel (D:5)
  A cyclops (D:11)
  4 elephants (Lair:2)
  Joseph (Lair:1)
  2 black mambas (Lair:1)
  2 centaur zombies (D:11)
  A torpor snail (Lair:1)
  A kobold demonologist (D:10)
  3 cane toads
  3 komodo dragons
  3 trolls
  3 polar bears
  14 blink frogs
  Sigmund (D:5)
  9 wyverns
  3 fire bats (Lair:3)
  48 yaks
  3 basilisks
  A vampire (D:11)
  A wraith (D:11)
  4 fire elementals (Volcano)
  4 hogs (D:7)
  A human (D:7)
  A steam dragon (D:7)
  Edmund (D:5)
  2 acid dragons
  8 water moccasins
  3 hell hounds (Volcano)
  6 ice beasts
  11 orc warriors
  3 black bears
  3 ogres
  3 wolves (Lair:3)
  3 centaurs
  A lemure (D:5)
  3 kobold brigands (Sewer)
  2 bullfrogs (Lair:3)
  6 scorpions
  4 wights
  30 killer bees
  8 howler monkeys
  A hound (D:6)
  2 jellies
  4 orc priests
  A gnoll bouda (D:8)
  5 iguanas
  10 orc wizards
  Robin (D:4)
  9 gnolls
  15 adders
  3 river rats (Sewer)
  2 shadow imps
  A white imp (D:7)
  An ufetubus (D:4)
  6 worms
  2 dart slugs
  46 orcs
  3 bats
  8 endoplasms
  6 giant cockroaches
  21 goblins
  5 hobgoblins
  11 jackals
  9 kobolds
  6 quokkas
  5 ball pythons
  2 frilled lizards
  22 rats
433 creatures vanquished.

Vanquished Creatures (others)
  384 foxfires
  42 fulminant prisms
426 creatures vanquished.

Grand Total: 859 creatures vanquished

Notes
Turn   | Place    | Note
-------+----------+-------------------------------------------
     0 | D:1      | Chodeload the Deep Elf Wanderer began the quest for the
                  | Orb.
     0 | D:1      | Chodeload set off with the following items: a +0 dagger, a
                  | potion of haste, a +0 buckler, a potion of curing, a +0
                  | robe, a potion of heal wounds; and the following spell
                  | memorised: Foxfire; and the following spells available to
                  | memorise: Mephitic Cloud.
     0 | D:1      | Reached XP level 1. HP: 10/10 MP: 5/5
   207 | D:2      | Reached XP level 2. HP: 11/15 MP: 0/7
   356 | D:1      | You fall into a shaft and drop 1 floor!
   452 | D:2      | Reached skill level 1 in Fire Magic
   579 | D:2      | Reached XP level 3. HP: 19/19 MP: 2/8
   793 | D:2      | Reached skill level 2 in Conjurations
  1142 | D:1      | Learned a level 1 spell: Freeze
  1613 | D:2      | Found Uzomne's Vocational Training.
  2099 | D:3      | Reached XP level 4. HP: 24/24 MP: 6/10
  2101 | D:3      | Reached skill level 1 in Ice Magic
  2179 | D:3      | Found a glowing drain.
  2198 | Sewer    | Entered a sewer
  2261 | Sewer    | Noticed a kobold brigand
  2348 | Sewer    | Noticed a kobold brigand
  2379 | Sewer    | Killed a kobold brigand
  2380 | Sewer    | Reached XP level 5. HP: 28/28 MP: 7/11
  2637 | Sewer    | Reached skill level 3 in Conjurations
  2637 | Sewer    | Reached XP level 6. HP: 25/32 MP: 7/13
  2889 | D:3      | Learned a level 3 spell: Frozen Ramparts
  3072 | D:3      | Reached skill level 5 in Ice Magic
  3598 | D:4      | Reached skill level 5 in Spellcasting
  3669 | D:5      | Entered Level 5 of the Dungeon
  3890 | D:4      | Reached XP level 7. HP: 36/36 MP: 14/16
  4055 | D:4      | Noticed Robin
  4063 | D:4      | Killed Robin
  4269 | D:5      | Learned a level 3 spell: Hailstorm
  4304 | D:5      | Reached skill level 4 in Conjurations
  4656 | D:5      | Noticed Edmund
  4663 | D:5      | Killed Edmund
  4664 | D:5      | Reached skill level 5 in Conjurations
  4803 | D:5      | Reached XP level 8. HP: 41/41 MP: 11/17
  4958 | D:5      | Reached skill level 5 in Shields
  5062 | D:5      | Noticed Sigmund
  5070 | D:5      | Killed Sigmund
  5071 | D:5      | Reached skill level 1 in Fighting
  5298 | D:5      | Noticed Pikel
  5394 | D:5      | Killed Pikel
  5395 | D:5      | Reached XP level 9. HP: 27/50 MP: 9/22
  5656 | D:6      | Found a staircase to the Ecumenical Temple.
  5665 | Temple   | Entered the Ecumenical Temple
  5736 | Temple   | Became a worshipper of Vehumet
  5950 | D:6      | Found a shadowy altar of Dithmenos.
  5952 | D:6      | Found a burning altar of Makhleb.
  5952 | D:6      | Found a basalt altar of Yredelemnul.
  5952 | D:6      | Found a sacrificial altar of Ru.
  5953 | D:6      | Found a snail-covered altar of Cheibriados.
  5953 | D:6      | Found a shimmering altar of Xom.
  5953 | D:6      | Found a hazy altar of Hepliaklqana.
  6045 | D:7      | Found a runed translucent gate.
  6045 | D:7      | Found a runed translucent gate.
  6045 | D:7      | Found a runed translucent gate.
  6748 | D:6      | Reached skill level 10 in Spellcasting
  7336 | D:5      | Reached * piety under Vehumet
  7336 | D:5      | Offered knowledge of Magic Dart by Vehumet.
  7432 | D:7      | Noticed Kazon's ghost (novice DrMo)
  7453 | D:7      | Noticed a boulder beetle
  7454 | D:7      | Reached skill level 5 in Dodging
  7486 | D:6      | Killed a boulder beetle
  7487 | D:6      | Reached skill level 5 in Stealth
  7672 | D:7      | Reached XP level 10. HP: 58/58 MP: 19/26
  8025 | D:6      | Reached skill level 5 in Fighting
  8429 | D:8      | Noticed a two-headed ogre
  8447 | D:8      | Killed a two-headed ogre
  8447 | D:8      | Offered knowledge of Momentum Strike by Vehumet.
  8475 | D:7      | Reached skill level 6 in Conjurations
  8541 | D:7      | Reached ** piety under Vehumet
  8855 | D:9      | Found a blossoming altar of Fedhas.
  8883 | D:9      | Reached skill level 7 in Conjurations
  9205 | D:9      | Reached skill level 10 in Dodging
  9218 | D:9      | Identified the +0 ring mail of the Desert {rF+ rC+}
  9300 | D:9      | Found a staircase to the Orcish Mines.
  9447 | D:10     | Entered Level 10 of the Dungeon
  9447 | D:10     | Noticed a two-headed ogre
  9447 | D:10     | Noticed a two-headed ogre
  9678 | D:10     | Found a flagged portal.
  9754 | D:10     | Learned a level 2 spell: Searing Ray
  9759 | D:10     | Learned a level 4 spell: Fulminant Prism
  9854 | Bailey   | Entered a bailey
  9863 | Bailey   | Offered knowledge of Poisonous Vapours by Vehumet.
  9868 | Bailey   | Reached XP level 11. HP: 34/63 MP: 25/27
  9995 | Bailey   | Reached *** piety under Vehumet
  9999 | Bailey   | Reached skill level 1 in Hexes
 10045 | Bailey   | Noticed an orc knight
 10046 | Bailey   | Noticed an orc knight
 10071 | Bailey   | Killed an orc knight
 10071 | Bailey   | Killed an orc knight
 10072 | Bailey   | Reached skill level 5 in Hexes
 10249 | Bailey   | Noticed an orc knight
 10251 | Bailey   | Noticed an orc knight
 10275 | Bailey   | Killed an orc knight
 10276 | Bailey   | Killed an orc knight
 10532 | D:10     | Noticed a two-headed ogre
 10595 | D:10     | Killed a two-headed ogre
 10768 | D:10     | Reached skill level 8 in Conjurations
 10769 | D:10     | Killed a two-headed ogre
 10821 | D:10     | Killed a two-headed ogre
 10822 | D:10     | Reached skill level 9 in Conjurations
 10897 | D:10     | Offered knowledge of Dazzling Flash by Vehumet.
 10953 | D:10     | Learned a level 3 spell: Mephitic Cloud
 11001 | D:10     | Reached skill level 10 in Conjurations
 11181 | D:10     | Found a staircase to the Lair.
 11550 | D:11     | Noticed a two-headed ogre
 11622 | D:11     | Learned a level 3 spell: Ozocubu's Armour
 11806 | D:11     | Noticed a boulder beetle
 11810 | D:11     | Reached **** piety under Vehumet
 11819 | D:11     | Reached skill level 11 in Conjurations
 11819 | D:11     | Reached XP level 12. HP: 68/68 MP: 26/29
 11866 | D:11     | Killed a boulder beetle
 11866 | D:11     | Offered knowledge of Fireball by Vehumet.
 11873 | D:11     | Learned a level 5 spell: Fireball
 12019 | D:11     | Killed a two-headed ogre
 12638 | D:11     | Found a basalt altar of Yredelemnul.
 13077 | Lair:1   | Entered Level 1 of the Lair of Beasts
 13098 | Lair:1   | Reached skill level 12 in Conjurations
 13115 | Lair:1   | Reached skill level 5 in Fire Magic
 13122 | Lair:1   | Noticed Nergalle
 13140 | Lair:1   | Killed Nergalle
 13262 | Lair:1   | Noticed Joseph
 13274 | Lair:1   | Killed Joseph
 13660 | Lair:1   | Reached skill level 13 in Conjurations
 13928 | Lair:1   | Found an opulent altar of Gozag.
 14084 | Lair:2   | Found a staircase to the Snake Pit.
 14177 | Lair:2   | Reached XP level 13. HP: 70/72 MP: 30/30
 14518 | Lair:2   | Reached ***** piety under Vehumet
 14518 | Lair:2   | Offered knowledge of Flame Wave by Vehumet.
 14711 | Lair:3   | Reached skill level 14 in Conjurations
 14946 | Lair:3   | Found a dark tunnel.
 14961 | Volcano  | Entered a volcano
 15082 | Volcano  | Reached skill level 10 in Fire Magic
 15091 | Volcano  | HP: 1/72 [burnt (4)]
 15094 | Volcano  | Killed from afar by a deep elf pyromancer

Illustrated notes

Levels and vault maps discovered:
D:1:      heliophobic_arrival_dark_side_of_the_moon, layout_basic,
          minmay_rat_gold_closets
D:2:      layout_basic, nicolae_shop_vocational
D:3:      layout_rooms, gup_sewer_entry_bowl
D:4:      layout_basic, uniq_robin
D:5:      layout_loops_corners, uniq_edmund, uniq_sigmund, uniq_pikel
D:6:      lemuel_ice_spiral_2, layout_basic, grunt_temple_overflow_open,
          minmay_temple_entry_gardened_gates
D:7:      layout_rooms, gammafunk_ghost_nasty_kobolds, grunt_livestock
D:8:      layout_basic
D:9:      layout_rooms, mainiacjoe_overflow_alcove_1, orc_0_dummy
D:10:     layout_basic, erik_lair_dragon, enter_bailey_5
D:11:     layout_loops_corners, lemuel_zombie_altar_yredelemnul
D:12:     layout_basic, minmay_guarded_unrand_vampires_tooth
Temple:   dpeg_chambers_temple
Lair:1:   layout_loops_ring, basic_altar, uniq_nergalle, uniq_joseph
Lair:2:   layout_loops_ring, dummy_snake_entry
Lair:3:   layout_misc_corridors, elwin_shoals_entry_stream,
          nicolae_volcano_entry_batcave, infiniplex_staircase_pool_2
Volcano:  hellmonk_pyromancer_palace

Skill      XL: |  1  2  3  4  5  6  7  8  9 10 11 12 13 |
---------------+----------------------------------------+-----
Spellcasting   | 2 3 5 7 10 11 | 11.1
Fire Magic     | 1 7 10 | 10.1
Conjurations   | 2 3 5 7 11 13 14 | 14.7
Ice Magic      | 3 4 5 6 |  6.0
Shields        | 3 4 5 |  5.0
Dodging        | 4 6 10 | 10.0
Fighting       | 3 4 5 |  5.0
Stealth        | 5 |  5.0
Hexes          | 8 9 |  9.0
Unarmed Combat | |  1.5

Action                     |  1- 3 |  4- 6 |  7- 9 | 10-12 | 13-15 || total
---------------------------+-------+-------+-------+-------+-------++-------
  Melee: Dagger            |     1 |       |       |     1 |       ||     2
         Whip              |       |       |     4 |    35 |    11 ||    50
   Fire: Sling             |    38 |    83 |    61 |       |       ||   182
  Throw: Dart              |       |       |     1 |     1 |       ||     2
   Cast: Foxfire           |    54 |    93 |    32 |    67 |       ||   246
         Freeze            |     4 |    17 |    73 |    83 |    25 ||   202
         Frozen Ramparts   |       |     2 |    40 |    69 |    27 ||   138
         Hailstorm         |       |       |    11 |    47 |    14 ||    72
         Fulminant Prism   |       |       |       |    40 |     2 ||    42
         Searing Ray       |       |       |       |     2 |       ||     2
         Ozocubu's Armour  |       |       |       |    19 |    17 ||    36
         Fireball          |       |       |       |     7 |     2 ||     9
         Mephitic Cloud    |       |       |       |     3 |       ||     3
  Evoke: Wand              |       |       |     1 |     6 |       ||     7
    Use: Scroll            |       |     4 |     1 |     5 |     1 ||    11
         Potion            |       |     1 |       |       |     2 ||     3
   Stab: Sleeping          |       |       |     1 |     1 |     1 ||     3
 Armour: Robe              |     8 |    10 |    38 |    19 |       ||    75
         Troll leather arm |       |       |       |    29 |    54 ||    83
  Dodge: Dodged            |    19 |    51 |    60 |   276 |   174 ||   580
  Block: Buckler           |     7 |    22 |    30 |    69 |    32 ||   160
